 Dungeon Crawl Stone Soup version 0.31-a0-18-gea43df2a32 (webtiles) character file.

Game seed: 5348429973270673631

244 sircluck the Chopper (level 6, -15/53 HPs)
             Began as a Hill Orc Fighter on May 10, 2023.
             Demolished by Menkaure (16 damage)
             ... on level 4 of the Dungeon.
             The game lasted 00:03:17 (2729 turns).

sircluck the Chopper (Hill Orc Fighter)             Turns: 2729, Time: 00:03:18

Health: -15/53     AC: 13    Str: 21    XL:     6   Next: 10%
Magic:  6/6        EV:  6    Int:  8    God:
Gold:   197        SH:  4    Dex: 10    Spells: 5/5 levels left

rFire   . . .        a - +0 war axe
rCold   . . .        c - +0 buckler
rNeg    . . .        g - +0 plate armour
rPois   .            (no helmet)
rElec   .            (no cloak)
rCorr   .            (no gloves)
SInv    .            f - +0 pair of boots
Will    .....        (no amulet) Stlth
                     (no ring)
HPRegen 0.28/turn    (no ring)
MPRegen 0.10/turn

%: no passive effects
@: no status effects
A: no striking features
a: no special abilities


You were on level 4 of the Dungeon.
You visited 1 branch of the dungeon, and saw 4 of its levels.

You collected 197 gold pieces.

Inventory:

Hand Weapons
 a - a +0 war axe (weapon)
Missiles
 e - 17 stones (quivered)
 n - 3 curare-tipped darts
 o - 2 poisoned darts
 y - 3 boomerangs
Armour
 b - a +0 scale mail
 c - a +0 buckler (worn)
 f - a +0 pair of boots (worn)
 g - a +0 plate armour (worn)
Jewellery
 p - a ring of poison resistance
 w - a ring of flight
Scrolls
 h - a scroll of butterflies {unknown}
 j - a scroll of fog {unknown}
 k - a scroll of fear {unknown}
 l - a scroll of identify {unknown}
 m - a scroll of magic mapping {unknown}
 q - a scroll of poison {unknown}
 r - 2 scrolls of enchant armour {unknown}
 t - 3 scrolls of amnesia {unknown}
 v - 2 scrolls of vulnerability {unknown}
Potions
 d - a potion of might
 i - a potion of curing {unknown}
 s - a potion of heal wounds {unknown}
 u - a potion of brilliance {unknown}
 x - a potion of lignification {unknown}


   Skills:
 + Level 4.3 Fighting
 + Level 6.0 Axes
 + Level 4.4 Armour
 + Level 0.1 Dodging
 + Level 4.1 Shields


You had 5 spell levels left.
You didn't know any spells.
Your spell library contained the following spells:

 Spells                   Type           Power      Damage    Failure   Level
 Cigotuvi's Dreadful Rot  Necr/Pois/Air  0%         N/A       100%        2
 Ignite Poison            Fire/Tmut/Pois 0%         N/A       100%        3
 Freezing Cloud           Conj/Ice/Air   0%         6-21      100%        5


Dungeon Overview and Level Annotations

Branches:
Dungeon (4/15)
 Temple: D:4-7

Altars:
Cheibriados
Hepliaklqana

Shops:
D:3 (

Annotations:
D:4 Menkaure


Message History

The ogre hits you with a +0 giant club!
There are monsters nearby!
You hit the ogre.
The ogre is almost dead.
You barely miss Menkaure. Menkaure completely misses you.
The ogre hits you with a +0 giant club! Menkaure hits you.
There are monsters nearby!
You are too injured to fight recklessly!
There are monsters nearby!
You are too injured to fight recklessly!
You are too injured to fight recklessly!
There are monsters nearby!
You are too injured to fight recklessly!
There are monsters nearby!
You slash the ogre!
You kill the ogre!
You hit Menkaure. Menkaure hits you but does no damage.
You block Menkaure's attack.
Your Axes skill increases to level 6!
You have reached level 6!
You barely miss Menkaure.
Menkaure is moderately damaged.
Menkaure hits you!
* * * LOW HITPOINT WARNING * * *
The goblin hits you but does no damage.
You hit Menkaure.
Menkaure is moderately damaged.
You slash the goblin!
You kill the goblin!
Menkaure hits you but does no damage.
You barely miss Menkaure.
Menkaure is moderately damaged.
Menkaure hits you!
* * * LOW HITPOINT WARNING * * *
Menkaure calls on the powers of darkness!
You feel a surge of unholy energy.
You slash Menkaure!
Menkaure is severely damaged.
Menkaure hits you!
You die...

### #.#### #### #....
####...## #...#
#.......# #...#
#.≈≈≈.#.# #...# #
###.≈$≈.#.###.#.#.#
....≈≈≈.........#.#
##...M@#####.....#
......))..#####†#####
............. #.....#
........#.###.#####.#
#######.#.# #..<..†.#
#.#.#..######## #.#≈≈
#.≈ .


You could see Menkaure (fast).

Vanquished Creatures
  An ogre (D:4)
  5 gnolls
  4 adders
  3 worms
  3 dart slugs
  An orc (D:2)
  2 endoplasms
  2 giant cockroaches (D:1)
  9 goblins
  2 hobgoblins (D:1)
  5 kobolds
  8 quokkas
  6 ball pythons
  6 bats
  4 frilled lizards
  7 rats
68 creatures vanquished.

Notes
Turn   | Place    | Note
-------+----------+-------------------------------------------
     0 | D:1      | sircluck the Hill Orc Fighter began the quest for the Orb.
     0 | D:1      | Reached XP level 1. HP: 19/19 MP: 1/1
    99 | D:1      | Reached XP level 2. HP: 27/27 MP: 2/2
   137 | D:1      | Reached skill level 3 in Axes
   190 | D:1      | Reached XP level 3. HP: 33/33 MP: 3/3
  1107 | D:2      | Found a hazy altar of Hepliaklqana.
  1197 | D:2      | Reached skill level 4 in Axes
  1200 | D:2      | Reached XP level 4. HP: 37/40 MP: 4/4
  1452 | D:2      | Reached skill level 5 in Axes
  1452 | D:2      | Reached XP level 5. HP: 17/46 MP: 5/5
  2021 | D:3      | Found a snail-covered altar of Cheibriados.
  2238 | D:3      | Found Keduk's Weapon Shop.
  2716 | D:4      | Noticed an ogre
  2717 | D:4      | Noticed Menkaure
  2725 | D:4      | Killed an ogre
  2726 | D:4      | Reached skill level 6 in Axes
  2726 | D:4      | Reached XP level 6. HP: 22/53 MP: 6/6
  2728 | D:4      | HP: 1/53 [Menkaure (9)]
  2729 | D:4      | Demolished by Menkaure

Illustrated notes

Levels and vault maps discovered:
D:1:      sevenhm_arrival_forest_fort_large_4, layout_loops_ring
D:2:      layout_basic, basic_altar
D:3:      layout_basic, slow_altar_1, serial_shops, shop,
          chequers_serial_rivers_large_b
D:4:      layout_basic, nicolae_overflow_crystal_walls, ebering_ghost_sewer_d,
          minmay_misc_feat_five, corexii_item_surrounded_by_moat,
          nicolae_stop_n_shop_1, chequers_serial_rivers_small_b, uniq_duvessa,
          uniq_menkaure, uniq_pikel, uniq_ijyb

Skill      XL: |  1  2  3  4  5 |
---------------+----------------+-----
Axes           | 3 4 5 6 |  6.0
Fighting       | 4 |  4.3
Shields        | 4 |  4.1
Armour         | 4 |  4.4
Dodging        | |  0.1

Action                     |  1- 3 |  4- 6 || total
---------------------------+-------+-------++-------
  Melee: War axe           |   132 |    96 ||   228
 Armour: Scale mail        |    13 |       ||    13
         Plate armour      |    67 |    56 ||   123
  Dodge: Dodged            |    53 |    29 ||    82
  Block: Buckler           |    24 |    23 ||    47

Table legend: (Time is in decaauts)
 A = Elapsed time spent in this place.
 B = Non-inter-level travel time spent in this place.
 C = Inter-level travel time spent in this place.
 D = Time resting spent in this place.
 E = Time spent auto-exploring this place.
 F = Levels seen in this place.
 G = Mean time per level.
                   A        B        C        D        E       F      G
               +--------+--------+--------+--------+--------+-----+--------+
         Total |   2831 |   2506 |    325 |      0 |   1932 |   4 |  707.8 |
       Dungeon |   2831 |   2506 |    325 |      0 |   1932 |   4 |  707.8 |
               +--------+--------+--------+--------+--------+-----+--------+

Top non-repeatable levels by time:
     D:1: 1141 daAuts
     D:2: 850 daAuts
     D:3: 783 daAuts
     D:4: 56 daAuts
